Map: Ulrena

Players

Samrokius - Winner!

  • Race: Zerg Zerg
  • League: Bronze

LMLelas

  • Race: Zerg Zerg
  • League: Silver

VOD

Have the link to the VOD?

Description

Time

  • Played on: May 15, 2016, 3:26 p.m.
  • Length: 10:29
Show
View Real Time Build Order
Export as new Build Order

Samrokius Zerg - Winner!

Build Orders: Hatch First 

Get SALT Encoding   

  12  0:01  Drone  
  13  0:08  Drone  
  14  0:19  Overlord  
  14  0:44  Drone, Hatchery  
  14  0:53  Drone x2  
  16  1:10  Spawning Pool  
  15  1:12  Drone  
  15  1:16  Drone  
  17  1:19  Drone  
  17  1:23  Extractor  
  17  1:34  Overlord  
  17  1:43  Drone  
  18  1:49  Drone  
  19  1:57  Queen x2  
  23  2:02  Drone  
  23  2:07  Drone x2  
  26  2:15  Drone  
  26  2:17  Drone  
  28  2:23  Zergling x2  
  29  2:32  Roach Warren  
  29  2:33  Metabolic Boost  
  28  2:43  Drone x3  
  30  3:05  Zergling x6  
  32  3:06  Zergling x4  
  35  3:20  Overlord x2  
  35  3:21  Overlord  
  35  3:40  Roach x5  
  45  3:51  Queen  
  45  3:52  Hatchery  
  46  3:56  Drone  
  46  3:59  Drone x3  
  46  4:02  Overlord  
  50  4:19  Roach  
  50  4:20  Roach x4  
  60  4:26  Overlord  
  60  4:28  Overlord  
  62  4:45  Roach  
  62  4:46  Roach x4  
  70  4:56  Zergling x2  
  70  4:57  Zergling x10  
  76  5:01  Drone  
  76  5:02  Drone x2  
  79  5:14  Extractor  
  79  5:16  Drone x4  
  82  5:28  Zergling x16  
  86  5:34  Overlord  
  85  6:06  Drone  
  85  6:07  Drone x2  
  85  6:09  Drone x2  
  85  6:10  Drone x5  
  93  6:14  Extractor  
  93  6:16  Extractor  
  83  6:52  Drone  
  83  6:53  Drone x13  
  91  7:18  Lair  
  85  7:39  Zergling x28  
  85  7:43  Overlord  
  85  7:44  Overlord x3  
  85  8:28  Zergling x18  
  90  8:49  Hydralisk Den  
  82  9:18  Hydralisk  
  82  9:19  Hydralisk x10  
  104  9:33  Hydralisk  
  104  9:34  Hydralisk x8  
Show
View Real Time Build Order
Export as new Build Order

LMLelas Zerg 

Build Orders: Pool First 

Get SALT Encoding   

  12  0:01  Drone  
  13  0:11  Drone  
  14  0:15  Extractor  
  14  0:16  Drone  
  15  0:27  Overlord  
  15  0:45  Drone x3  
  18  0:59  Evolution Chamber  
  18  1:03  Spawning Pool  
  17  1:06  Extractor  
  17  1:08  Drone x2  
  18  1:30  Hatchery  
  17  1:37  Drone x2  
  19  1:48  Overlord  
  19  1:50  Queen  
  21  1:55  Zergling x2  
  22  2:08  Zergling x2  
  23  2:19  Zergling x2  
  24  2:25  Metabolic Boost  
  24  2:44  Zergling x6  
  27  2:52  Zergling x2  
  26  3:23  Queen  
  26  3:26  Overlord x2  
  27  3:34  Lair  
  27  3:38  Extractor  
  26  3:57  Drone x6  
  26  3:58  Drone x3  
  35  4:37  Spire  
  34  4:42  Drone x10  
  34  4:44  Overlord  
  44  4:51  Evolution Chamber  
  43  4:54  Evolution Chamber  
  43  4:57  Extractor  
  41  5:22  Drone x3  
  41  5:23  Extractor, Drone x3  
  41  5:26  Drone  
  47  5:39  Zergling x12  
  22  6:13  Mutalisk  
  22  6:14  Mutalisk x3  
  15  6:51  Hatchery  
  14  7:27  Hatchery  
  13  8:39  Drone  
  13  8:40  Drone x2  
  16  8:59  Drone  
  17  9:19  Spawning Pool  
  16  9:31  Hatchery  
  15  9:52  Hatchery  
Tags
 
Add a new tag
Caveats
  • Supply blocks, unpowered buildings, or Contaminate may cause inaccurate times.
  • Supply counts are checked every 10 seconds.